 Dungeon Crawl Stone Soup version 0.23.2-40-g277498a (webtiles) character file.

Game seed: 1771120393158397261

7152 Lorak the Thaumaturge (level 11, -2/81 HPs)
             Began as a Gnoll Wizard on Sept 28, 2019.
             Was a Priest of Ashenzari.
             Hit by a javelin of returning thrown by a minotaur (24 damage)
             ... in a Gauntlet.
             The game lasted 01:18:47 (13844 turns).

Lorak the Thaumaturge (Gnoll Wizard)               Turns: 13844, Time: 01:18:47

Health: -2/81      AC:  8    Str:  9    XL:     11   Next: 10%
Magic:  16/33      EV: 16    Int: 27    God:    Ashenzari [***...]
Gold:   546        SH:  5    Dex: 14    Spells: 5/28 levels left

rFire    . . .     SeeInvis +   l - +0 trident
rCold    + . .     Gourm    .   p - +0 buckler
rNeg     + + +     Faith    .   y - +1 robe "Veruis Leyc" {Str+4 Int+3}
rPois    .         Spirit   .   Q - +2 hat {MR+} (curse)
rElec    .         Reflect  .   (no cloak)
rCorr    .         Harm     .   C - +0 pair of gloves
MR       +....     NoTele   +   x - +0 pair of boots
Stlth    ++++......             B - amulet of Vodocail {+Rage +Inv rC+ rN+++ Str-4} (curse)
HPRegen  0.23/turn              q - ring of magical power (curse)
MPRegen  0.23/turn              (no ring)

@: very slightly contaminated
A: distributed training, fangs 1, hooves 1, strong nose
a: Curse Item, Scrying, Renounce Religion, Evoke Berserk Rage, Evoke
Invisibility


You were in a Gauntlet.
You worshipped Ashenzari.
Ashenzari was most pleased with you.
You were not hungry.

You visited 2 branches of the dungeon, and saw 12 of its levels.
You also visited: Gauntlet.

You collected 546 gold pieces.

Inventory:

Hand Weapons
 i - a +1 vampiric dagger
 l - a +0 trident (weapon)
Armour
 b - a +0 hat
 m - a +1 helmet
 o - a +0 shield
 p - a +0 buckler (worn)
 x - a +0 pair of boots (worn)
 y - the +1 robe "Veruis Leyc" (worn) {Str+4 Int+3}
   (You found it on level 5 of the Dungeon)

   It affects your strength (+4).
   It affects your intelligence (+3).
 C - a +0 pair of gloves (worn)
 Q - a cursed +2 hat of magic resistance (worn)
Jewellery
 q - a cursed ring of magical power (left hand)
 B - the cursed amulet of Vodocail (around neck) {+Rage +Inv rC+ rN+++ Str-4}
   (You took it off a crimson imp on level 7 of the Dungeon)

   [amulet of rage]

   It affects your strength (-4).
   It protects you from cold.
   It renders you almost immune to negative energy.
   It lets you turn invisible.
   It lets you go berserk.
   It has a curse placed upon it.
 R - the cursed ring "Beoxoteq" {+Inv rPois rN++ Int-2 Dex-3}
   (You found it in a Gauntlet)

   [ring of intelligence]

   It affects your intelligence (-2).
   It affects your dexterity (-3).
   It protects you from poison.
   It greatly protects you from negative energy.
   It lets you turn invisible.
   It has a curse placed upon it.
Wands
 a - a wand of paralysis (17)
 n - a wand of digging (2)
 A - a wand of disintegration (11)
 D - a wand of polymorph (9)
 H - a wand of clouds (9)
 J - a wand of acid (11)
 K - a wand of flame (23)
 M - a wand of iceblast (14)
Scrolls
 c - 3 scrolls of remove curse
 e - 6 scrolls of identify
 f - 2 scrolls of amnesia
 h - a scroll of blinking {unknown}
 k - 2 scrolls of fear
 r - 4 scrolls of teleportation
 t - a scroll of magic mapping {unknown}
 z - a scroll of noise {unknown}
 E - a scroll of immolation {unknown}
 F - a scroll of fog {unknown}
 I - a scroll of holy word {unknown}
 N - a scroll of vulnerability {unknown}
 O - a scroll of enchant armour {unknown}
Potions
 g - 3 potions of curing
 j - 6 potions of degeneration
 s - 2 potions of flight
 u - 2 potions of magic
 v - a potion of ambrosia
 w - a potion of haste
 G - a potion of berserk rage {unknown}
 L - 3 potions of agility {unknown}
 P - a potion of heal wounds {unknown}
Comestibles
 d - 11 rations


   Skills:
 + Level 5.8 Fighting
 + Level 5.8 Short Blades
 + Level 5.8 Long Blades
 + Level 5.8 Axes
 + Level 5.8 Maces & Flails
 + Level 5.8 Polearms
 + Level 5.8 Staves
 + Level 5.8 Slings
 + Level 5.8 Bows
 + Level 5.8 Crossbows
 + Level 5.8 Throwing
 + Level 5.8 Armour
 + Level 7.5 Dodging
 + Level 7.3 Stealth
 + Level 5.8 Shields
 + Level 5.8 Unarmed Combat
 + Level 9.3 Spellcasting
 + Level 5.3(7.2) Conjurations
 + Level 4.8(6.6) Hexes
 + Level 4.8(6.6) Charms
 + Level 5.3(7.2) Summonings
 + Level 4.8(6.6) Necromancy
 + Level 5.3(7.2) Translocations
 + Level 4.8(6.6) Transmutations
 + Level 4.8(6.6) Fire Magic
 + Level 4.8(6.6) Ice Magic
 + Level 4.8(6.6) Air Magic
 + Level 4.8(6.6) Earth Magic
 + Level 4.8(6.6) Poison Magic
 + Level 6.4 Invocations
 + Level 5.8(7.7) Evocations


You had 5 spell levels left.
You knew the following spells:

 Your Spells              Type           Power        Failure   Level  Hunger
a - Magic Dart            Conj           ####         1%          1    None
b - Blink                 Tloc           N/A          1%          2    None
c - Call Imp              Summ           ######..     1%          2    None
d - Conjure Flame         Conj/Fire      ######..     1%          3    None
e - Mephitic Cloud        Conj/Pois/Air  #####...     1%          3    None
f - Dazzling Spray        Conj/Hex       ######       1%          3    None
g - Summon Lightning Spi  Summ/Air       ######..     2%          4    None
h - Lightning Bolt        Conj/Air       ######....   8%          5    ####...

Your spell library contained the following spells:

 Spells                   Type           Power        Failure   Level  Hunger
 Beastly Appendage        Tmut           #####.       1%          1    None
 Corona                   Hex            #####..      1%          1    None
 Sandblast                Erth           #####.       1%          1    None
 Shock                    Conj/Air       ####         1%          1    None
 Summon Small Mammal      Summ           ####         1%          1    None
 Ensorcelled Hibernation  Hex/Ice        #####.       1%          2    None
 Passwall                 Tmut/Erth      #####...     1%          2    None
 Slow                     Hex            #####...     1%          2    None
 Sticks to Snakes         Tmut           #####...     1%          2    None
 Swiftness                Chrm/Air       #####...     1%          2    None
 Call Canine Familiar     Summ           ######..     1%          3    None
 Confuse                  Hex            #####...     1%          3    None
 Spider Form              Tmut/Pois      #####.....   1%          3    None
 Static Discharge         Conj/Air       ######..     1%          3    None
 Stone Arrow              Conj/Erth      ######       1%          3    None
 Summon Guardian Golem    Hex/Summ       ######..     1%          3    None
 Tukima's Dance           Hex            #####...     1%          3    None
 Summon Ice Beast         Ice/Summ       ######..     2%          4    None
 Airstrike                Air            #####.....   3%          4    None
 Ice Form                 Ice/Tmut       #####...     3%          4    None
 Petrify                  Tmut/Erth      #####...     3%          4    None
 Blade Hands              Tmut           #####.....   9%          5    ####...
 Lee's Rapid Deconstruct  Erth           #####.....   9%          5    ####...


Dungeon Overview and Level Annotations

Branches:
Dungeon (11/15)            Temple (1/1) D:4            Lair (0/6) D:9
    Orc: D:9-12

Altars:
Ashenzari
Cheibriados
Dithmenos
Elyvilon
Fedhas
Gozag
Hepliaklqana
Kikubaaqudgha
Makhleb
Nemelex Xobeh
Okawaru
Qazlal
Ru
Sif Muna
Trog
Uskayaw
Vehumet
Wu Jian
Xom
Yredelemnul
Zin
The Shining One

Shops:
D:10 %

Annotations:
Gauntlet 6 transporters


Innate Abilities, Weirdness & Mutations

Your experience applies equally to all skills.
You have very sharp teeth.
Your uncanny sense of smell can sniff out nearby items.
You have large cloven feet.


Message History

The minotaur is moderately wounded.
The stinking cloud engulfs your lightning spire but does no damage.
The stinking cloud engulfs your shadow imp but does no damage.
Your shadow imp is heavily wounded.
The minotaur is engulfed in noxious fumes.
The minotaur throws a javelin of returning.
The javelin of returning hits you!!
* * * LOW HITPOINT WARNING * * *
The weapon returns to the minotaur!
Your shadow imp hits the minotaur but does no damage.
The minotaur is engulfed in noxious fumes.
The minotaur throws a javelin of returning.
The javelin of returning misses you.
The weapon returns to the minotaur!
Your lightning spire shoots out a bolt of lightning at the minotaur!
The bolt of electricity hits the minotaur!
Your shadow imp hits the minotaur but does no damage.
The minotaur is engulfed in noxious fumes.
The minotaur throws a javelin of returning.
The javelin of returning hits you!!
You die...

##≈.#...©##.#.#545©(..
##.#########.####### *
*#≈..................,
#≈≈≈#≈≈≈#..∩.⌠.∩..#≈ ≈ ≈
##≈###≈###.......##*≈***
## ################### *
#.................#
#.⌠.⌠.⌠.©.©.⌠.⌠.⌠.#
#....85○....@.....#
###.##H##.##.##.### #.
#.##.##.# # ..,.........
, #.##.##.##.##.* * #.
#. #.##.# .# * #. ..,,
...., . ## .# '## ,* , *
,


You could see a minotaur, a friendly lightning spire and a friendly shadow imp.

Vanquished Creatures
  2 wizards (Gauntlet)
  Grinder (D:3)
  4 yaks
  Eustachio (D:5)
  A basilisk (D:8)
  3 chaos spawn (Gauntlet)
  A neqoxec (Gauntlet)
  Edmund (D:5)
  A water moccasin (D:10)
  An ice beast (D:5)
  2 sky beasts
  A necrophage (D:8)
  3 ogres
  A centaur (D:9)
  A big kobold (D:7)
  2 bullfrogs
  3 scorpions
  5 killer bees (D:7)
  6 wights
  A jelly (D:9)
  3 howler monkeys
  3 crimson imps
  2 bullfrog zombies (D:6)
  A quasit (D:7)
  A bullfrog skeleton (D:5)
  A hound (D:5)
  4 orc priests
  5 orc wizards
  A centaur skeleton (D:9)
  Ijyb (D:3)
  10 worker ants
  Natasha (twice) (D:3)
  Robin (D:2)
  4 gnolls
  6 adders
  6 shadow imps
  2 adder skeletons
  3 worms
  A dart slug (D:2)
  4 leopard geckos
  26 orcs
  A ball python (D:1)
  5 giant cockroaches
  22 goblins
  6 hobgoblins
  4 jackals
  9 kobolds
  3 quokkas
  4 bats
  A frilled lizard (D:1)
  A giant cockroach zombie (D:5)
  A quokka skeleton (D:5)
  3 rats
  A demonic plant (Gauntlet)
189 creatures vanquished.

Vanquished Creatures (collateral kills)
  A queen bee (Gauntlet)
  A wyvern (D:10)
  2 hungry ghosts
  A wraith (D:8)
  A basilisk (D:9)
  6 yaks
  2 porcupines (D:9)
  An orc warrior (D:7)
  An ogre (D:5)
  A centaur (D:7)
  A crocodile (D:9)
  2 big kobolds
  Blork the orc (D:6)
  An elf zombie (D:8)
  A bullfrog (D:6)
  A scorpion (D:9)
  5 wights
  2 killer bees
  A troll zombie (D:8)
  A howler monkey (D:7)
  A crimson imp (D:7)
  3 human zombies (D:8)
  A hound (D:8)
  A jelly (D:6)
  An orc priest (D:9)
  A gnoll shaman (D:9)
  An iguana (D:9)
  2 orc wizards (D:8)
  A killer bee zombie (D:9)
  An ogre skeleton (D:8)
  2 mummies (D:8)
  3 gnolls
  A shadow imp (Gauntlet)
  An ooze (D:6)
  10 orcs
  A hobgoblin (D:1)
  A jackal (D:6)
  A kobold (D:7)
  An orc zombie (D:8)
  A plant (D:9)
68 creatures vanquished.

Vanquished Creatures (others)
  A demonic plant (Gauntlet)
  A fungus (D:9)
  2 plants (D:9)
4 creatures vanquished.

Grand Total: 261 creatures vanquished

Notes
Turn   | Place    | Note
-------+----------+-------------------------------------------
     0 | D:1      | Lorak the Gnoll Wizard began the quest for the Orb.
     0 | D:1      | Reached XP level 1. HP: 13/13 MP: 8/8
   306 | D:1      | Reached XP level 2. HP: 19/19 MP: 6/10
   333 | D:1      | Learned a level 2 spell: Blink
   336 | D:1      | Learned a level 2 spell: Call Imp
   986 | D:2      | Reached XP level 3. HP: 25/25 MP: 3/11
  1078 | D:1      | Learned a level 3 spell: Conjure Flame
  1082 | D:1      | Learned a level 3 spell: Mephitic Cloud
  1402 | D:2      | Reached skill level 1 in Invocations
  1453 | D:2      | Noticed Robin
  1466 | D:2      | Killed Robin
  1466 | D:2      | Reached skill level 1 in Fighting
  1466 | D:2      | Reached skill level 1 in Short Blades
  1466 | D:2      | Reached skill level 1 in Long Blades
  1466 | D:2      | Reached skill level 1 in Axes
  1466 | D:2      | Reached skill level 1 in Maces & Flails
  1466 | D:2      | Reached skill level 1 in Polearms
  1466 | D:2      | Reached skill level 1 in Staves
  1466 | D:2      | Reached skill level 1 in Slings
  1466 | D:2      | Reached skill level 1 in Bows
  1466 | D:2      | Reached skill level 1 in Crossbows
  1466 | D:2      | Reached skill level 1 in Throwing
  1466 | D:2      | Reached skill level 1 in Armour
  1466 | D:2      | Reached skill level 1 in Shields
  1466 | D:2      | Reached skill level 1 in Unarmed Combat
  1466 | D:2      | Reached skill level 1 in Evocations
  1482 | D:2      | Reached XP level 4. HP: 32/32 MP: 1/13
  2304 | D:3      | Noticed Grinder
  2326 | D:3      | Paralysed by Grinder for 6 turns
  2327 | D:3      | Killed Grinder
  2327 | D:3      | Reached skill level 1 in Hexes
  2327 | D:3      | Reached skill level 1 in Charms
  2327 | D:3      | Reached skill level 1 in Necromancy
  2327 | D:3      | Reached skill level 1 in Transmutations
  2327 | D:3      | Reached skill level 1 in Fire Magic
  2327 | D:3      | Reached skill level 1 in Ice Magic
  2327 | D:3      | Reached skill level 1 in Air Magic
  2327 | D:3      | Reached skill level 1 in Earth Magic
  2327 | D:3      | Reached skill level 1 in Poison Magic
  2327 | D:3      | Reached XP level 5. HP: 38/38 MP: 8/14
  2327 | D:3      | Reached XP level 6. HP: 44/44 MP: 9/16
  2397 | D:3      | Noticed Ijyb
  2457 | D:3      | Killed Ijyb
  2547 | D:3      | Reached skill level 5 in Dodging
  3066 | D:3      | Reached XP level 7. HP: 50/50 MP: 13/18
  3216 | D:3      | Noticed Natasha
  3233 | D:3      | Killed Natasha
  3302 | D:3      | Noticed Natasha
  3316 | D:3      | Killed Natasha
  3565 | D:4      | Found a staircase to the Ecumenical Temple.
  3573 | Temple   | Entered the Ecumenical Temple
  3589 | Temple   | Became a worshipper of Ashenzari the Shackled
  4308 | D:4      | Reached skill level 5 in Stealth
  4560 | D:4      | Reached XP level 8. HP: 57/57 MP: 13/19
  4767 | D:4      | Found an opulent altar of Gozag.
  5073 | D:5      | Entered Level 5 of the Dungeon
  5478 | D:5      | Found a shattered altar of Ashenzari.
  5636 | D:5      | Noticed Edmund
  5650 | D:5      | Killed Edmund
  5801 | D:5      | Found a sacrificial altar of Ru.
  5941 | D:5      | Noticed Eustachio
  5992 | D:5      | Killed Eustachio
  5992 | D:5      | Reached skill level 8 in Spellcasting
  6086 | D:5      | Got the uncursed robe "Veruis Leyc" {Str+4 Int+3}
  6097 | D:5      | Identified the +1 robe "Veruis Leyc" {Str+4 Int+3} (You
                  | found it on level 5 of the Dungeon)
  6408 | D:6      | Found a shimmering altar of Xom.
  6555 | D:6      | Noticed Blork the orc
  6566 | D:6      | Reached XP level 9. HP: 65/65 MP: 21/21
  6702 | D:5      | Learned a level 3 spell: Dazzling Spray
  6714 | D:6      | Killed Blork the orc
  6913 | D:6      | Reached * piety under Ashenzari
  7654 | D:7      | Identified the amulet of Vodocail {+Rage +Inv rC+ rN+++
                  | Str-4}
  8166 | D:7      | HP: 3/65 [poisoned by a killer bee]
  9192 | D:8      | Reached skill level 5 in Invocations
  9354 | D:8      | Learned a level 4 spell: Summon Lightning Spire
  9804 | D:8      | Found a basalt altar of Yredelemnul.
  9890 | D:8      | Reached XP level 10. HP: 73/73 MP: 18/22
 10272 | D:8      | Reached ** piety under Ashenzari
 10307 | D:8      | Learned a level 5 spell: Lightning Bolt
 10326 | D:9      | Found a staircase to the Lair.
 10485 | D:9      | Reached skill level 5 in Fighting
 10485 | D:9      | Reached skill level 5 in Short Blades
 10485 | D:9      | Reached skill level 5 in Long Blades
 10485 | D:9      | Reached skill level 5 in Axes
 10485 | D:9      | Reached skill level 5 in Maces & Flails
 10485 | D:9      | Reached skill level 5 in Polearms
 10485 | D:9      | Reached skill level 5 in Staves
 10485 | D:9      | Reached skill level 5 in Slings
 10485 | D:9      | Reached skill level 5 in Bows
 10485 | D:9      | Reached skill level 5 in Crossbows
 10485 | D:9      | Reached skill level 5 in Throwing
 10485 | D:9      | Reached skill level 5 in Armour
 10485 | D:9      | Reached skill level 5 in Shields
 10485 | D:9      | Reached skill level 5 in Unarmed Combat
 10485 | D:9      | Reached skill level 5 in Evocations
 11133 | D:9      | Reached skill level 9 in Spellcasting
 11260 | D:9      | Found an ornate altar of the Wu Jian Council.
 11932 | D:10     | Entered Level 10 of the Dungeon
 12020 | D:10     | Reached skill level 5 in Conjurations
 12020 | D:10     | Reached skill level 5 in Summonings
 12020 | D:10     | Reached skill level 5 in Translocations
 12543 | D:10     | Reached *** piety under Ashenzari
 12659 | D:10     | Found Qayteoji's Food Boutique.
 13086 | D:11     | Found a gate leading to a gauntlet.
 13093 | Gauntlet | Entered a Gauntlet
 13093 | Gauntlet | Found a transporter.
 13093 | Gauntlet | Found a transporter.
 13093 | Gauntlet | Noticed a gargoyle
 13093 | Gauntlet | Noticed a gargoyle
 13131 | Gauntlet | Found a transporter.
 13131 | Gauntlet | Found a transporter.
 13132 | Gauntlet | Found a transporter.
 13132 | Gauntlet | Found a transporter.
 13134 | Gauntlet | Noticed a fire crab
 13176 | Gauntlet | Noticed a catoblepas
 13214 | Gauntlet | Found a transporter.
 13214 | Gauntlet | Found a transporter.
 13218 | Gauntlet | Found a transporter.
 13218 | Gauntlet | Found a transporter.
 13470 | Gauntlet | Gained mutation: You have large cloven feet. [a neqoxec]
 13477 | Gauntlet | Noticed a wizard
 13478 | Gauntlet | Noticed a wizard
 13492 | Gauntlet | Noticed a reaper
 13639 | Gauntlet | Found a transporter.
 13640 | Gauntlet | Identified the ring of Worghiam {+Fly rF+ MR- Slay+5 SInv}
 13731 | Gauntlet | Killed a wizard
 13731 | Gauntlet | Reached XP level 11. HP: 81/81 MP: 17/24
 13732 | Gauntlet | Killed a wizard
 13744 | Gauntlet | Found a transporter.
 13745 | Gauntlet | Identified the cursed ring "Beoxoteq" {+Inv rPois rN++
                  | Int-2 Dex-3}
 13824 | Gauntlet | Noticed a minotaur
 13844 | Gauntlet | Hit by a javelin of returning thrown by a minotaur

Skill      XL: |  1  2  3  4  5  6  7  8  9 10 |
---------------+-------------------------------+-----
Conjurations   | 2 3 4 5 |  5.3
Summonings     | 2 3 4 5 |  5.3
Translocations | 2 3 4 5 |  5.3
Invocations    | 1 2 3 4 5 6 |  6.4
Fighting       | 1 2 3 4 5 |  5.8
Short Blades   | 1 2 3 4 5 |  5.8
Long Blades    | 1 2 3 4 5 |  5.8
Axes           | 1 2 3 4 5 |  5.8
Maces & Flails | 1 2 3 4 5 |  5.8
Polearms       | 1 2 3 4 5 |  5.8
Staves         | 1 2 3 4 5 |  5.8
Slings         | 1 2 3 4 5 |  5.8
Bows           | 1 2 3 4 5 |  5.8
Crossbows      | 1 2 3 4 5 |  5.8
Throwing       | 1 2 3 4 5 |  5.8
Armour         | 1 2 3 4 5 |  5.8
Shields        | 1 2 3 4 5 |  5.8
Unarmed Combat | 1 2 3 4 5 |  5.8
Evocations     | 1 2 3 4 5 |  5.8
Hexes          | 1 2 3 4 |  4.8
Charms         | 1 2 3 4 |  4.8
Necromancy     | 1 2 3 4 |  4.8
Transmutations | 1 2 3 4 |  4.8
Fire Magic     | 1 2 3 4 |  4.8
Ice Magic      | 1 2 3 4 |  4.8
Air Magic      | 1 2 3 4 |  4.8
Earth Magic    | 1 2 3 4 |  4.8
Poison Magic   | 1 2 3 4 |  4.8
Dodging        | 5 6 7 |  7.5
Stealth        | 5 6 7 |  7.3
Spellcasting   | 8 9 |  9.3

Action                   |  1- 3 |  4- 6 |  7- 9 | 10-12 || total
-------------------------+-------+-------+-------+-------++-------
Melee: Trident           |       |    88 |   158 |     1 ||   247
       Punch             |       |     1 |       |       ||     1
       Bite              |       |     5 |     4 |       ||     9
 Cast: Magic Dart        |    70 |    61 |   239 |   173 ||   543
       Call Imp          |     2 |       |    85 |    11 ||    98
       Mephitic Cloud    |     1 |     5 |    10 |     1 ||    17
       Conjure Flame     |       |     9 |     7 |     1 ||    17
       Dazzling Spray    |       |       |    57 |    21 ||    78
       Summon Lightning  |       |       |     7 |    25 ||    32
       Blink             |       |       |     5 |       ||     5
       Lightning Bolt    |       |       |       |    10 ||    10
Invok: Curse Item        |       |       |     2 |     1 ||     3
  Use: Scroll            |       |       |     8 |       ||     8
       Potion            |       |       |     3 |     1 ||     4
 Stab: Sleeping          |       |     1 |       |     1 ||     2
       Confused          |       |     3 |     6 |       ||     9
       Distracted        |       |       |     4 |       ||     4
       Invisible         |       |       |     5 |       ||     5
  Eat: Chunk             |     1 |     5 |    11 |     3 ||    20
       Ration            |       |       |     3 |     4 ||     7
Armor: Robe              |     8 |     7 |    39 |    19 ||    73
Dodge: Dodged            |    19 |    39 |   223 |    50 ||   331
Block: Buckler           |       |     1 |    63 |    17 ||    81
